 Dungeon Crawl Stone Soup version 0.31-a0-705-ga145531891 (webtiles) character file.

Game seed: 8125803158363145931

6906 Xavori the Covert (level 11, -2/72 HPs)
             Began as an Octopode Chaos Knight on Sept 10, 2023.
             Was a Plaything of Xom.
             Slain by a red ugly thing (5 damage)
             ... on level 9 of the Dungeon.
             The game lasted 00:10:00 (15204 turns).

Xavori the Covert (Octopode Chaos Knight)          Turns: 15204, Time: 00:10:01

Health: -2/72      AC:  3    Str:  7    XL:     11   Next: 6%
Magic:  12/12      EV: 17    Int: 20    God:    Xom [*.....]
Gold:   464        SH:  0    Dex: 23    Spells: 10/10 levels left

rFire   + + .        A - +2 short sword (freeze)
rCold   + + .        (no shield)
rNeg    . . .        (helmet restricted)
rPois   .            t - amulet of faith
rElec   .            c - ring of wizardry
rCorr   +            u - ring of resist corrosion
SInv    .            (no ring)
Will    .....        (no ring)
Stlth   ++++++++     (no ring)
HPRegen 1.12/turn    (no ring)
MPRegen 0.13/turn    (no ring)
                     (no ring)

%: clarity, faith, wizardry (x1)
@: lethally poisoned (-2 -> -3), about to teleport
A: almost no armour, amphibious, 8 rings, camouflage 2, gelatinous body 1,
(nimble swimmer 1), tentacles, iridescent scales 1, agile 2, clarity, clever 2,
cold resistance 2, fire resistance 2, high MP 1, sense surroundings 1,
regeneration 1, wild magic 1, noise suppression
a: Renounce Religion


You were on level 9 of the Dungeon.
You worshipped Xom.
You were a special plaything of Xom.
You visited 1 branch of the dungeon, and saw 9 of its levels.

You collected 464 gold pieces.

Inventory:

Hand Weapons
 A - a +2 short sword of freezing (weapon)
Jewellery
 c - a ring of wizardry (left tentacle)
 h - a ring of flight
 p - an amulet of guardian spirit
 t - an amulet of faith (around mantle)
 u - a ring of resist corrosion (right tentacle)
Talismans
 y - a storm talisman
Wands
 a - a wand of flame (14)
 f - a wand of roots (7)
Scrolls
 b - a scroll of butterflies
 g - 3 scrolls of teleportation
 i - 2 scrolls of revelation
 m - 2 scrolls of poison
 o - a scroll of vulnerability
 r - 4 scrolls of immolation
 s - a scroll of fog
 C - 2 scrolls of identify
Potions
 e - 2 potions of attraction {unknown}
 j - 4 potions of haste
 k - a potion of ambrosia {unknown}
 l - a potion of brilliance
 n - 4 potions of curing
 v - a potion of enlightenment
 w - 2 potions of heal wounds
 x - a potion of cancellation {unknown}
 z - a potion of might
 D - a potion of lignification {unknown}
Miscellaneous
 B - a box of beasts


   Skills:
 + Level 6.1 Fighting
 + Level 7.8 Short Blades
 + Level 5.7 Dodging
 + Level 14.0 Stealth
 * Level 7.1 Evocations
 * Level 4.3 Shapeshifting


You had 10 spell levels left.
You didn't know any spells.
Your spell library contained the following spells:

 Spells                   Type           Power      Damage    Failure   Level
 Scorch                   Fire           0%         2d5       16%         2
 Wereblood                Tmut           0%         N/A       16%         2
 Ignite Poison            Fire/Tmut/Pois 0%         N/A       28%         3
 Inner Flame              Hex/Fire       0%         N/A       28%         3
 Vampiric Draining        Necr           0%         2d6       28%         3
 Flame Wave               Conj/Fire      0%         2d4       63%         4
 Sticky Flame             Conj/Fire      0%         2d3       63%         4
 Irradiate                Conj/Tmut      0%         3d11      91%         5
 Yara's Violent Unravell  Hex/Tmut       0%         3d3       91%         5
 Summon Cactus Giant      Summ           0%         N/A       100%        6
 Enfeeble                 Hex            0%         N/A       100%        7
 Haunt                    Necr/Summ      0%         N/A       100%        7
 Ignition                 Fire           0%         3d3       100%        8


Dungeon Overview and Level Annotations

Branches:
Dungeon (9/15)             Temple (0/1) D:5
   Lair: D:8-11         Orc: D:9-12

Altars:
Fedhas
Makhleb
Okawaru
Qazlal
Uskayaw
Vehumet
Xom

Annotations:
D:9 Psyche


Innate Abilities, Weirdness & Mutations

You cannot wear most types of armour.
You are amphibious.
You can wear up to eight rings at the same time.
Your skin blends seamlessly with your surroundings (Stealth++).
Your rubbery body absorbs attacks. (AC +1, EV +1)
((You are camouflaged when in or above water. (Stealth+)))
You have tentacles for arms and can constrict up to eight enemies at once.
You are partially covered in iridescent scales. (AC +2)
You are very agile. (Dex +8, Str/Int -2)
You possess an exceptional clarity of mind.
Your mind is very acute. (Int +8, Str/Dex -2)
Your flesh is very cold resistant. (rC++)
Your flesh is very heat resistant. (rF++)
You have an increased reservoir of magic. (+10% MP)
You passively map a small area around you.
Your natural rate of healing is unusually fast.
Your spells are a little harder to cast, but a little more powerful.
You passively dampen the noise of your surroundings.


Message History

The grasping roots constrict the red ugly thing. "This is how I like it!"
You swap places with the red ugly thing.
The roots lose their grip on the red ugly thing.
Unknown command.
Okay, then.
You hear some strange, mumbled words.
A swirling arc of seething chaos appears!
An arc of chaos appears from out of thin air!
The arc of chaos hits you!
You feel momentarily confused.
You feel much better.
You hear some strange, mumbled words.
A swirling arc of seething chaos appears!
An arc of chaos appears from out of thin air!
The arc of chaos hits you.
You are poisoned.
As you read the scroll of teleportation, it crumbles to dust.
You feel strangely unstable.
You feel sick.
You hear a zap.
A puff of flame appears from out of thin air!
The puff of flame misses you.
The puff of flame hits the red ugly thing.
The red ugly thing resists.
You feel sick.
You hear some strange, mumbled words.
A swirling arc of seething chaos appears!
An arc of chaos appears from out of thin air!
The arc of chaos hits you. You resist.
The arc of chaos hits the red ugly thing.
The red ugly thing suddenly seems more agile.
The red ugly thing tail-slaps you.
You are engulfed in flames!
You resist.
You feel sick.
You hear some strange, mumbled words.
Something tries to affect you, but you resist.
Something hits you. Space warps horribly around you!!
* * * LOW HITPOINT WARNING * * *
Xom roars with laughter!
The red ugly thing tail-slaps you.
You die...
Xom chortles!

#............≈≈≈≈.≈......
#.............≈≈.........
#..........#####...##....
#..########* #...##.... #..#
#...##.... #..#
########...##....
#..######................
#.......{................
#.......@u.......#####...
#...#####........# #... #...#
#........# #... #...#
#........# #... #...#
#........# #... ####..u#
#........# #... #......#
#........#####...
####.##...#####................
#.............# ,..####..##


You could see a red ugly thing (berserk, agile).

Vanquished Creatures
  2 two-headed ogres
  A manticore (D:9)
  Jeremiah (D:8)
  Prince Ribbit (D:5)
  2 wyverns
  Sigmund (D:3)
  2 steam dragons
  A golden eye (shapeshifter) (D:5)
  A water moccasin (D:7)
  An orc warrior (D:9)
  A sky beast (D:6)
  2 ice beasts
  2 black bears
  2 hornet zombies (D:7)
  2 ogres (D:5)
  4 centaurs
  4 kobold brigands
  5 bullfrogs
  2 scorpions
  17 wights
  A howler monkey (D:7)
  A crimson imp (D:7)
  2 bullfrog zombies (D:7)
  6 centaur zombies (D:7)
  A hound (D:5)
  3 jellies
  A gnoll bouda (D:6)
  An orc priest (D:9)
  2 sleepcaps
  2 iguanas
  3 orc wizards
  2 killer bee zombies (D:7)
  4 gnolls (D:6)
  4 adders
  2 ufetubi (D:4)
  2 worms
  3 dart slugs
  11 orcs
  7 endoplasms
  2 giant cockroaches (D:4)
  6 goblins
  6 hobgoblins
  3 jackals (D:1)
  19 kobolds
  3 quokkas
  4 ball pythons
  5 bats
  A frilled lizard (D:1)
  6 rats
167 creatures vanquished.

Vanquished Creatures (collateral kills)
  A black bear (D:6)
  3 wights (D:6)
  Jessica (D:3)
  2 orcs (D:5)
7 creatures vanquished.

Grand Total: 174 creatures vanquished

Notes
Turn   | Place    | Note
-------+----------+-------------------------------------------
     0 | D:1      | Xavori the Octopode Chaos Knight began the quest for the
                  | Orb.
     0 | D:1      | Reached XP level 1. HP: 16/16 MP: 1/1
   162 | D:1      | XOM: silly message
   308 | D:1      | XOM: noise
   311 | D:1      | Reached XP level 2. HP: 21/21 MP: 2/2
   686 | D:1      | XOM: silly message
   955 | D:1      | XOM: silly message
  1359 | D:1      | XOM: silly message
  1474 | D:1      | XOM: silly message
  1621 | D:1      | XOM: give mutations
  1621 | D:1      | Gained mutation: You are somewhat resistant to further
                  | mutation. [Xom's grace]
  1621 | D:1      | Gained mutation: You possess an exceptional clarity of
                  | mind. [Xom's grace]
  1981 | D:1      | XOM: scenery: create altars
  2329 | D:1      | XOM: god gift: spear {god gift}
  3047 | D:1      | XOM: god gift: Xom's Elucidation of Awkwardness {god gift}
  3050 | D:1      | Got Xom's Elucidation of Awkwardness {god gift}
  3456 | D:1      | XOM: give mutation
  3456 | D:1      | Gained mutation: You passively map a small area around you.
                  | [Xom's grace]
  3592 | D:1      | XOM: cloud trail
  3991 | D:1      | XOM: give mutations
  3991 | D:1      | Gained mutation: You are somewhat resistant to both further
                  | mutation and mutation removal. [Xom's grace]
  3991 | D:1      | Gained mutation: You are almost entirely resistant to
                  | further mutation and mutation removal. [Xom's grace]
  3991 | D:1      | Gained mutation: Your flesh is cold resistant. (rC+) [Xom's
                  | grace]
  4246 | D:1      | XOM is BORED!
  4246 | D:1      | XOM: silly message
  4669 | D:1      | XOM: silly message
  4711 | D:1      | XOM: divination: magic mapping
  4727 | D:1      | XOM: noise
  4738 | D:1      | XOM is BORED!
  4914 | D:1      | XOM: cloud trail
  5232 | D:1      | XOM: silly message
  6402 | D:1      | XOM: silly message
  6559 | D:1      | XOM: noise
  6877 | D:1      | XOM: silly message
  6941 | D:1      | XOM is BORED!
  6941 | D:1      | XOM: silly message
  7506 | D:1      | XOM: give mutations
  7506 | D:1      | Gained mutation: You have an increased reservoir of magic.
                  | (+10% MP) [Xom's grace]
  7506 | D:1      | Gained mutation: Your spells are a little harder to cast,
                  | but a little more powerful. [Xom's grace]
  7506 | D:1      | Gained mutation: You are agile. (Dex +4, Str/Int -1) [Xom's
                  | grace]
  8185 | D:1      | XOM: god gift: lumpy ruby potion {god gift}
  8495 | D:1      | XOM: god gift: 51 gold pieces
  8615 | D:1      | XOM is BORED!
  8615 | D:1      | XOM: give mutations
  8615 | D:1      | Gained mutation: You do not regenerate when monsters are
                  | visible. [Xom's mischief]
  8615 | D:1      | Lost mutation: You do not regenerate when monsters are
                  | visible. [Xom's mischief]
  8615 | D:1      | Gained mutation: You are partially covered in iridescent
                  | scales. (AC +2) [Xom's mischief]
  8804 | D:2      | Reached skill level 1 in Stealth
  8804 | D:2      | Reached XP level 3. HP: 26/26 MP: 3/3
  9082 | D:2      | Found a faded altar of an unknown god.
  9341 | D:3      | Noticed Jessica
  9351 | D:3      | XOM: potion effect (brilliance)
  9352 | D:3      | XOM: summons 3 friendly demons
  9355 | D:3      | Killed Jessica
  9356 | D:3      | Reached skill level 2 in Stealth
  9356 | D:3      | Reached XP level 4. HP: 23/31 MP: 4/4
  9434 | D:3      | Noticed Sigmund
  9448 | D:3      | Killed Sigmund
  9449 | D:3      | Reached skill level 4 in Stealth
  9449 | D:3      | Reached XP level 5. HP: 37/37 MP: 5/5
  9612 | D:3      | Reached XP level 6. HP: 43/43 MP: 6/6
  9947 | D:3      | XOM: cloud trail
 10227 | D:3      | XOM: divination: magic mapping
 10345 | D:4      | Reached skill level 5 in Stealth
 10504 | D:4      | XOM: cleaving
 10586 | D:4      | Reached skill level 6 in Stealth
 10915 | D:4      | Noticed an ice beast
 10930 | D:4      | Killed an ice beast
 10931 | D:4      | Reached skill level 1 in Evocations
 10931 | D:4      | Reached XP level 7. HP: 48/48 MP: 7/7
 11355 | D:5      | Entered Level 5 of the Dungeon
 11381 | D:5      | Found a staircase to the Ecumenical Temple.
 11439 | D:5      | Reached skill level 7 in Stealth
 11553 | D:5      | Noticed a steam dragon
 11558 | D:5      | XOM: enchant monster (good)
 11560 | D:5      | Killed a steam dragon
 11567 | D:5      | Noticed Prince Ribbit
 11572 | D:5      | Killed Prince Ribbit
 11573 | D:5      | Reached skill level 5 in Short Blades
 11573 | D:5      | Reached skill level 8 in Stealth
 11573 | D:5      | Reached XP level 8. HP: 54/54 MP: 8/8
 11631 | D:5      | XOM: enchant monster (good)
 11739 | D:5      | XOM: 4-stop teleportation journey
 11862 | D:5      | Noticed a wyvern
 11875 | D:5      | Killed a wyvern
 11876 | D:5      | Reached skill level 9 in Stealth
 11990 | D:5      | XOM: god gift: murky cyan potion {god gift}
 12070 | D:5      | XOM: give mutations
 12070 | D:5      | Gained mutation: You passively dampen the noise of your
                  | surroundings. [Xom's grace]
 12070 | D:5      | Gained mutation: Your natural rate of healing is unusually
                  | fast. [Xom's grace]
 12070 | D:5      | Gained mutation: You are very agile. (Dex +8, Str/Int -2)
                  | [Xom's grace]
 12070 | D:5      | Lost mutation: You are almost entirely resistant to further
                  | mutation and mutation removal. [Xom's grace]
 12070 | D:5      | Lost mutation: You are somewhat resistant to both further
                  | mutation and mutation removal. [Xom's grace]
 12070 | D:5      | Lost mutation: You are somewhat resistant to further
                  | mutation. [Xom's grace]
 12070 | D:5      | Gained mutation: You have hidden genetic potential. [Xom's
                  | grace]
 12230 | D:6      | Found an iron altar of Okawaru.
 12257 | D:6      | XOM: divination: detect items
 12263 | D:6      | a gnoll changed into a shapeshifter
 12263 | D:6      | Noticed a shapeshifter (shapeshifter)
 12266 | D:5      | a shapeshifter changed into a golden eye
 12271 | D:5      | Reached skill level 10 in Stealth
 12312 | D:6      | Reached XP level 9. HP: 43/59 MP: 9/9
 12345 | D:6      | Found a blossoming altar of Fedhas.
 12522 | D:6      | XOM: god gift: 5 stones
 12539 | D:6      | Reached skill level 1 in Shapeshifting
 12705 | D:6      | XOM: divination: magic mapping
 12763 | D:6      | XOM: cast spell 'Dispersal'
 12791 | D:6      | Gained mutation: Your flesh is very cold resistant. (rC++)
                  | [hidden potential]
 12964 | D:7      | XOM: summons friendly crimson imp
 12971 | D:7      | Reached skill level 11 in Stealth
 13060 | D:7      | Reached skill level 5 in Evocations
 13079 | D:7      | Reached skill level 5 in Fighting
 13112 | D:7      | XOM: cast spell 'Alistair's Intoxication'
 13114 | D:7      | Found a burning altar of Makhleb.
 13114 | D:7      | Found a radiant altar of Vehumet.
 13114 | D:7      | XOM: 9-stop teleportation journey
 13156 | D:7      | XOM: give mutations
 13156 | D:7      | Gained mutation: Your flesh is heat resistant. (rF+) [Xom's
                  | grace]
 13156 | D:7      | Gained mutation: Your mind is acute. (Int +4, Str/Dex -1)
                  | [Xom's grace]
 13156 | D:7      | Gained mutation: Your mind is very acute. (Int +8, Str/Dex
                  | -2) [Xom's grace]
 13156 | D:7      | Gained mutation: Your flesh is very heat resistant. (rF++)
                  | [Xom's grace]
 13272 | D:7      | XOM: 7-stop teleportation journey
 13342 | D:7      | XOM: smoke on damage
 13371 | D:7      | Reached XP level 10. HP: 66/66 MP: 11/11
 13453 | D:7      | Reached skill level 12 in Stealth
 13488 | D:7      | XOM: god gift: wand of flame (10)
 13519 | D:7      | XOM: cloud trail
 13576 | D:7      | Found a hide-covered altar of Uskayaw.
 13635 | D:7      | Reached skill level 5 in Dodging
 13635 | D:7      | XOM: god gift: box of beasts
 13752 | D:7      | XOM: enchant monster (good)
 13755 | D:7      | XOM: potion effect (might)
 13780 | D:7      | Gained mutation: Your skin blends seamlessly with your
                  | surroundings (Stealth++). [hidden potential]
 13780 | D:7      | Lost mutation: You have hidden genetic potential. [hidden
                  | potential expressed]
 14095 | D:8      | XOM: silly message
 14129 | D:8      | Noticed a two-headed ogre
 14159 | D:8      | Killed a two-headed ogre
 14378 | D:8      | XOM: 2-stop teleportation journey
 14405 | D:8      | Noticed Jeremiah
 14413 | D:8      | XOM: potion effect (haste)
 14414 | D:8      | Killed Jeremiah
 14415 | D:8      | Reached skill level 13 in Stealth
 14466 | D:8      | XOM: silly message
 14471 | D:8      | XOM: potion effect (might)
 14790 | D:8      | XOM: silly message
 14930 | D:9      | Noticed a two-headed ogre
 14937 | D:9      | Killed a two-headed ogre
 14938 | D:9      | Reached XP level 11. HP: 72/72 MP: 12/12
 14951 | D:9      | Noticed a manticore
 14961 | D:9      | XOM: smoke on damage
 14967 | D:9      | XOM: divination: detect creatures
 14970 | D:9      | Killed a manticore
 14971 | D:9      | Reached skill level 14 in Stealth
 15078 | D:9      | Found a stormy altar of Qazlal.
 15170 | D:9      | Noticed a red ugly thing
 15173 | D:9      | Noticed Psyche
 15179 | D:9      | XOM: blink monster(s)
 15181 | D:9      | XOM: silly message
 15199 | D:9      | XOM: swap monsters
 15204 | D:9      | HP: 3/72 [something (19)]
 15204 | D:9      | Slain by a red ugly thing

Illustrated notes

Levels and vault maps discovered:
D:1:      minmay_arrival_five_plusses, layout_basic,
          wander_ebering_terrifying_dragon_lair
D:2:      layout_basic, dilly_ecumenical_altar_fadedgnrine,
          minmay_misc_feat_secret_circle
D:3:      layout_loops_cross, grunt_decor_cap, kennysheep_pointless_box,
          palyth_stone_intersect, kennysheep_generic_room_4, uniq_sigmund,
          uniq_jessica
D:4:      minmay_razor_zed, layout_loops_ring
D:5:      layout_basic, minmay_temple_entry_sparse_star, supply_closet_lemuel,
          uniq_prince_ribbit1
D:6:      layout_basic, okawaru_gym_becter, mainiacjoe_overflow_alcove_1,
          nicolae_houndstooth_variations
D:7:      layout_basic, grunt_temple_overflow_lords_of_destruction,
          mainiacjoe_overflow_surrounded_room, serial_undead, serial_undead_f,
          serial_undead_f, serial_undead_d, serial_undead_c, serial_undead_b,
          serial_undead_a
D:8:      layout_loops_ring, minmay_misc_feat_square, uniq_jeremiah
D:9:      layout_small_grid, nicolae_qazlal_general_emergency,
          jmf_multi_god_temple2, uniq_psyche

Skill      XL: |  1  2  3  4  5  6  7  8  9 10 11 |
---------------+----------------------------------+-----
Stealth        | 1 2 4 6 8 10 11 13 14 | 14.0
Fighting       | 4 5 6 |  6.1
Short Blades   | 4 5 6 7 |  7.8
Dodging        | 3 4 5 |  5.7
Evocations     | 1 2 4 5 7 |  7.1
Shapeshifting  | 2 4 |  4.3

Action                     |  1- 3 |  4- 6 |  7- 9 | 10-12 || total
---------------------------+-------+-------+-------+-------++-------
  Melee: Short sword       |    50 |    48 |   205 |   163 ||   466
         Constrict         |    12 |     7 |    36 |    14 ||    69
         Tentacles         |     9 |     9 |    50 |    52 ||   120
         Punch             |       |     1 |     4 |     4 ||     9
  Evoke: Wand              |       |     1 |       |     3 ||     4
    Use: Potion            |     1 |       |       |     4 ||     5
         Scroll            |       |     6 |     9 |     8 ||    23
   Stab: Sleeping          |     3 |    21 |    17 |    22 ||    63
         Paralysed         |       |       |     1 |       ||     1
         Petrifying        |       |       |     1 |       ||     1
         Distracted        |       |       |     2 |     3 ||     5
 Armour: Skin              |    10 |    10 |    62 |    94 ||   176
  Dodge: Dodged            |    29 |    11 |   110 |   115 ||   265

Table legend: (Time is in decaauts)
 A = Elapsed time spent in this place.
 B = Non-inter-level travel time spent in this place.
 C = Inter-level travel time spent in this place.
 D = Time resting spent in this place.
 E = Time spent auto-exploring this place.
 F = Levels seen in this place.
 G = Mean time per level.
                   A        B        C        D        E       F      G
               +--------+--------+--------+--------+--------+-----+--------+
         Total |  15048 |  14733 |    315 |   8148 |   5297 |   9 | 1672.0 |
       Dungeon |  15048 |  14733 |    315 |   8148 |   5297 |   9 | 1672.0 |
               +--------+--------+--------+--------+--------+-----+--------+

Top non-repeatable levels by time:
     D:1: 8610 daAuts
     D:7: 1072 daAuts
     D:4: 1046 daAuts
     D:3: 982 daAuts
     D:5: 872 daAuts
     D:8: 765 daAuts
     D:2: 693 daAuts
     D:6: 646 daAuts
     D:9: 359 daAuts
